 Dungeon Crawl Stone Soup version 0.27-a0-1322-gfdffb62a71 (webtiles) character file.

Game seed: 4930587982775249987

98 snetch the Magician (level 5, -4/35 HPs)
             Began as a Djinni Fire Elementalist on June 22, 2021.
             Was a Follower of Uskayaw.
             Slain by an orc (8 damage)
             ... on level 3 of the Dungeon.
             The game lasted 00:08:20 (3614 turns).

snetch the Magician (Djinni Fire Elementalist)      Turns: 3614, Time: 00:08:21

Health: -4/35      AC:  3    Str:  7    XL:     5   Next: 0%
Gold:   120        EV: 12    Int: 18    God:    Uskayaw [*.....] SH:  0 Dex: 13

rFire    + + +     SeeInvis .   i - +2 hand axe (elec)
rCold    . . .     Faith    .   (no shield)
rNeg     . . .     Spirit   .   y - +1 robe {Will+}
rPois    ∞         Reflect  .   (no helmet)
rElec    .         Harm     .   r - scarf {rC+ rF+}
rCorr    .         Rampage  .   (no gloves)
Will     +....                  (boots unavailable)
Stlth    ++........             (no amulet)
HPRegen  0.11/turn              (no ring)
MPRegen  0.00/turn              (no ring)

@: flying
A: sickness immunity, fire resistance 2, cold vulnerability 1, float, innate
caster, hp casting, extra vitality 1
a: Renounce Religion, Stomp


You were on level 3 of the Dungeon.
You worshipped Uskayaw.
Uskayaw was noncommittal.
You visited 1 branch of the dungeon, and saw 4 of its levels.

You collected 120 gold pieces.

Inventory:

Hand Weapons
 a - a +0 war axe
 i - a +2 hand axe of electrocution (weapon)
 p - a +1 trident of protection
Missiles
 f - 67 stones
 m - 8 sling bullets
 o - 17 bolts
 q - 46 arrows
Armour
 e - a +0 scale mail
 h - a +0 ring mail
 r - a scarf of resistance (worn)
 w - a +0 chain mail
 y - a +1 robe of willpower (worn)
Magical Staves
 l - a staff of earth
 z - a staff of earth
Wands
 u - a wand of polymorph (9)
Scrolls
 b - a scroll of fog {unknown}
 c - 3 scrolls of identify {unknown}
 d - a scroll of fear {unknown}
 k - 2 scrolls of noise {unknown}
 x - a scroll of summoning {unknown}
Potions
 g - 2 potions of curing {unknown}
 j - a potion of magic {unknown}
 n - a potion of might {unknown}
 s - a potion of ambrosia {unknown}
 t - a potion of lignification {unknown}
 v - a potion of cancellation {unknown}


   Skills:
 + Level 2.9 Dodging
 + Level 2.1 Stealth
 + Level 3.6 Spellcasting


You couldn't memorise any spells.
You knew the following spells:

 Your Spells              Type           Power      Damage    Failure   Level
a - Foxfire               Conj/Fire      64%        2x1d7     3%          1
b - Conjure Flame         Conj/Fire      16%        6-21      11%         3
c - Inner Flame           Hex/Fire       16%        N/A       11%         3
d - Sticky Flame          Conj/Fire      16%        2d4       34%         4
e - Fireball              Conj/Fire      8%         3d6       67%         5
f - Summon Small Mammal   Summ           64%        N/A       3%          1
g - Blink                 Tloc           N/A        N/A       5%          2
Your spell library was empty.

Dungeon Overview and Level Annotations

Branches:
Dungeon (4/15)
 Temple: D:4-7

Altars:
Uskayaw


Innate Abilities, Weirdness & Mutations

You are immune to sickness and miasma.
You are immune to poison.
Your flesh is very heat resistant. (rF++)
You are vulnerable to cold. (rC-)
You float through the air rather than walking.
You learn spells naturally, not from books.
Your magical power is your life essence.
You have superior vitality. (+4 HP)


Message History

Found a pink potion and a mace.
The ogre shouts!
The orc wizard shouts!
The orc shouts!
You conjure some foxfire!
The orc shouts!
You conjure some foxfire!
The foxfire hits the ogre.
The ogre is lightly wounded.
The foxfire hits the ogre but does no damage.
The ogre is lightly wounded.
You conjure some foxfire!
The foxfire hits the orc.
The orc is lightly wounded.
The ogre hits you with a +0 giant club!
Unknown command.
The foxfire hits the ogre.
The ogre is moderately wounded.
The foxfire hits the ogre.
The ogre is moderately wounded.
The foxfire hits the ogre.
The ogre is heavily wounded.
You can now pass through a line of other dancers.
Found an escape hatch in the ceiling.
Found a pink potion.
An iguana comes into view.
The orc hits you with a +0 club.
There is an escape hatch in the ceiling here.
The orc misses you. x2; The orc barely misses you.
You can no longer pass through a line of other dancers.
A mysterious force pulls you upwards. The hatch slams shut behind you.
You barely miss the orc. You hit the orc. Lightning courses through the orc!
You kill the orc!
The orc hits you with a +2 flail of protection!
* * * LOW HITPOINT WARNING * * *
You have reached level 5!
The power to cast Blink wells up from within.
Spell assigned to 'g'.
You closely miss the orc. You hit the orc.
The orc hits you with a +2 flail of protection.
* * * LOW HITPOINT WARNING * * *
The orc barely misses you.
The orc hits you with a +2 flail of protection!
You die...

..........#.#
#######...........
............#
#................#
.........#..#
#.#####...........
.........#..#
#.#.§.......###.#.
....######.>#
#.#.######..# #.#.
.....# ##.#
#.#.#....#..# #.##
..##.# #.#
#.#.#.##.#..# #.#
..##.# #.#
#o#.#.#.....# #.#
..##.# #.#
#@#.#.#.....# #.#
..##.# #.#
#o#...#...).# #.#
..##.# #.#
#.#######...# #.#
..##.# #.#
#...........# #.#
..##.# #.#
########....# #.#
.....# #.# #....#
#.# ..#### #.#
#....# #.# ..# #.#
#....###.# ..# #.#
#....#...#


You could see 2 orcs.

Vanquished Creatures
  Jessica (D:2)
  An adder (D:2)
  An ufetubus (D:3)
  2 orcs (D:3)
  5 ball pythons
  4 endoplasms
  A giant cockroach (D:3)
  3 hobgoblins
  8 jackals
  A quokka (D:2)
  5 bats
  3 frilled lizards
  6 goblins
  7 kobolds
  5 rats
53 creatures vanquished.

Vanquished Creatures (others)
  150 foxfires
150 creatures vanquished.

Grand Total: 203 creatures vanquished

Notes
Turn   | Place    | Note
-------+----------+-------------------------------------------
     0 | D:1      | snetch the Djinni Fire Elementalist began the quest for the
                  | Orb.
     0 | D:1      | Reached XP level 1. HP: 15/15 MP: 0/0
   437 | D:2      | Reached XP level 2. HP: 6/21 MP: 0/0
  1326 | D:1      | Found a faded altar of an unknown god.
  1332 | D:1      | Became a worshipper of Uskayaw the Reveller
  1332 | D:1      | Reached * piety under Uskayaw
  1470 | D:1      | Reached XP level 3. HP: 24/25 MP: 0/0
  1470 | D:1      | Learned a level 1 spell: Summon Small Mammal
  1527 | D:1      | You are sucked into a shaft and drop 1 floor!
  1528 | D:2      | Noticed Jessica
  1533 | D:2      | Killed Jessica
  1533 | D:2      | Reached ** piety under Uskayaw
  1534 | D:2      | Reached skill level 3 in Spellcasting
  1534 | D:2      | Reached XP level 4. HP: 28/31 MP: 0/0
  3600 | D:4      | Noticed an ogre
  3614 | D:3      | Reached XP level 5. HP: 6/35 MP: 0/0
  3614 | D:3      | Learned a level 2 spell: Blink
  3614 | D:3      | Slain by an orc

Illustrated notes

Levels and vault maps discovered:
D:1:      wander_arrival_chamber, layout_basic,
          shapermc_ecumenical_altar_notcrosses
D:2:      layout_loops_ring, uniq_jessica
D:3:      layout_basic, kennysheep_another_room, skrybe_limestone_x
D:4:      layout_basic, minmay_temple_entry_drinking_statues, uniq_natasha,
          uniq_blork_the_orc

Skill      XL: |  1  2  3 |
---------------+----------+-----
Stealth        | 2 |  2.1
Spellcasting   | 3 |  3.6
Dodging        | |  2.9

Action                   |  1- 3 |  4- 6 || total
-------------------------+-------+-------++-------
Melee: Hand axe          |       |     2 ||     2
 Cast: Foxfire           |    44 |    55 ||    99
Armor: Robe              |     2 |     3 ||     5
Dodge: Dodged            |    12 |    11 ||    23

Table legend: (Time is in decaauts)
 A = Elapsed time spent in this place.
 B = Non-inter-level travel time spent in this place.
 C = Inter-level travel time spent in this place.
 D = Time resting spent in this place.
 E = Time spent auto-exploring this place.
 F = Levels seen in this place.
 G = Mean time per level.
                   A        B        C        D        E       F      G
               +--------+--------+--------+--------+--------+-----+--------+
         Total |   3625 |   3456 |    169 |     74 |   2640 |   4 |  906.2 |
       Dungeon |   3625 |   3456 |    169 |     74 |   2640 |   4 |  906.2 |
               +--------+--------+--------+--------+--------+-----+--------+

Top non-repeatable levels by time:
     D:1: 1652 daAuts
     D:3: 1063 daAuts
     D:2: 884 daAuts
     D:4: 26 daAuts
